 Dungeon Crawl Stone Soup version 0.27-a0-531-gb72ec1a1b6 (webtiles) character file.

Game seed: 17790819139165203774

7 karrick the Skirmisher (level 1, -2/18 HPs)
             Began as a Demonspawn Abyssal Knight on Mar 6, 2021.
             Was a Follower of Lugonu.
             Slain by a goblin
             ... wielding a +0 club
              (3 damage)
             ... on level 1 of the Dungeon.
             The game lasted 00:00:48 (233 turns).

karrick the Skirmisher (Demonspawn Abyssal Knight)   Turns: 233, Time: 00:00:48

Health: -2/18      AC:  3    Str: 12    XL:     1   Next: 91%
Magic:  2/2        EV: 11    Int: 13    God:    Lugonu [*.....]
Gold:   20         SH:  0    Dex: 12    Spells: 0/0 levels left

rFire    . . .     SeeInvis .   a - +1 hand axe
rCold    . . .     Faith    .   (no shield)
rNeg     . . .     Spirit   .   b - +0 leather armour
rPois    .         Reflect  .   (no helmet)
rElec    .         Harm     .   (no cloak)
rCorr    .         Rampage  .   (no gloves)
Will     .....                  (no boots)
Stlth    +.........             e - amulet of the acrobat
HPRegen  0.06/turn              (no ring)
MPRegen  0.08/turn              (no ring)

@: no status effects
A: no striking features
a: Renounce Religion, Depart the Abyss


You were on level 1 of the Dungeon.
You worshipped Lugonu.
Lugonu was aware of your devotion.
You visited 1 branch of the dungeon, and saw 1 of its levels.
You visited the Abyss 1 time.

You collected 20 gold pieces.

Inventory:

Hand Weapons
 a - a +1 hand axe (weapon)
Armour
 b - a +0 leather armour (worn)
Jewellery
 e - an amulet of the acrobat (around neck)
Scrolls
 c - a scroll of blinking {unknown}
 g - a scroll of identify {unknown}
Potions
 d - a potion of cancellation {unknown}
 f - a potion of ambrosia {unknown}


   Skills:
 + Level 3.2 Fighting
 + Level 1.8 Axes
 + Level 1.9 Armour
 + Level 0.8 Dodging
 + Level 2.6 Invocations


You couldn't memorise any spells.
You didn't know any spells.
Your spell library was empty.

Dungeon Overview and Level Annotations

Branches:
Dungeon (1/15)

Altars:


Message History

The hobgoblin is moderately wounded.
The hobgoblin hits you with a +0 club.
* * * LOW HITPOINT WARNING * * *
A bat comes into view.
The bat completely misses you. The bat closely misses you.
The bat closely misses you.
An ooze comes into view.
The ooze quivers.
The bat misses you. The bat completely misses you.
The bat completely misses you. The bat misses you. The bat closely misses you.
The bat misses you. The bat closely misses you.
The bat hits you but does no damage.
You open the door. The bat closely misses you.
The hobgoblin closely misses you. The bat hits you.
* * * LOW HITPOINT WARNING * * *
There is an open door here.
The bat closely misses you.
You open the door.
A hobgoblin comes into view.
The bat closely misses you.
Found 25 stones.
You hit the hobgoblin.
You kill the hobgoblin!
Lugonu accepts your kill.
You can now depart the Abyss.
The bat closely misses you.
There is an open door here.
You open the door. The hobgoblin barely misses you.
There is an open door here.
A goblin comes into view. It is wielding a +0 club.
The goblin shouts!
You hit the goblin but do no damage. You hit the hobgoblin but do no damage.
The hobgoblin hits you with a +0 club.
* * * LOW HITPOINT WARNING * * *
The goblin hits you with a +0 club.
You die...

...........#
.#....r....#
.#.........#
##...J..rg.#
########'## #b#
#####'##
#......############
#......rgbJg@g....#
#......##########.#
#......# #......#
#..(...# #......#
#......# #######


You could see an ooze, a hobgoblin, 2 goblins, a bat and a rat.

Vanquished Creatures
  A goblin (D:1)
  A hobgoblin (D:1)
  4 bats (D:1)
  A kobold (D:1)
7 creatures vanquished.

Vanquished Creatures (others)
  A plant (D:1)
1 creature vanquished.

Grand Total: 8 creatures vanquished

Notes
Turn   | Place    | Note
-------+----------+-------------------------------------------
     0 | Abyss:1  | karrick the Demonspawn Abyssal Knight began the quest for
                  | the Orb.
     0 | Abyss:1  | Reached XP level 1. HP: 18/18 MP: 2/2
    25 | Abyss:1  | Noticed a starcursed mass
    26 | D:1      | Escaped the Abyss
   223 | D:1      | Reached * piety under Lugonu
   233 | D:1      | Slain by a goblin

Illustrated notes

Levels and vault maps discovered:
D:1:      minmay_arrival_plants_in_alcoves, layout_basic, minmay_pentomino_q2

Action                   || total
-------------------------++-------
Melee: Hand axe          ||    24
Invok: Depart the Abyss  ||     1
Armor: Leather armour    ||     9
Dodge: Dodged            ||    32

Table legend: (Time is in decaauts)
 A = Elapsed time spent in this place.
 B = Non-inter-level travel time spent in this place.
 C = Inter-level travel time spent in this place.
 D = Time resting spent in this place.
 E = Time spent auto-exploring this place.
 F = Levels seen in this place.
 G = Mean time per level.
                   A        B        C        D        E       F      G
               +--------+--------+--------+--------+--------+-----+--------+
         Total |    237 |    237 |      0 |      0 |    124 |   2 |  118.5 |
       Dungeon |    211 |    211 |      0 |      0 |     99 |   1 |  211.0 |
         Abyss |     26 |     26 |      0 |      0 |     25 |   1 |   26.0 |
               +--------+--------+--------+--------+--------+-----+--------+

Top non-repeatable levels by time:
     D:1: 211 daAuts
 Abyss:1: 26 daAuts
